TOP OF THE 1ST |
Salt Lake City Buzz batting - Pitching for Tremont Doubledays : RHP Santos Guzowski
|
Pitching: RHP Santos Guzowski
|
|
Batting: RHB Alejandro Herrera
|
0-0: Ball 1-0: Called Strike 1-1: Swinging Strike 1-2: Foul Ball, location: 2F 1-2: Ball 2-2: TRIPLE (Line Drive, 9LM)
|
Batting: LHB Frank Sharp
|
0-0: Called Strike 0-1: Ball 1-1: Foul Ball, location: 2F 1-2: Foul Ball, location: 2F 1-2: Ball 2-2: Ground out U3 (Groundball, 3L)
|
Batting: RHB Justin MacPherson
|
0-0: Called Strike 0-1: Called Strike 0-2: Ball 1-2: Foul Ball, location: 2F 1-2: Ball 2-2: Fly out, F8 (Flyball, 8RD) Runner from 3rd tags up, SCORES, no throw
|
Batting: RHB Vicente Cruz
|
0-0: Called Strike 0-1: Ball 1-1: Ball 2-1: Ball 3-1: Swinging Strike 3-2: Foul Ball, location: 2F 3-2: Foul Ball, location: 2F 3-2: Base on Balls
|
Batting: LHB Randy Schlosser
|
0-0: Called Strike 0-1: Swinging Strike 0-2: Ball 1-2: Strikes out looking
|
Top of the 1st over - 1 run(s), 1 hit(s), 0 error(s), 1 left on base; Salt Lake City 1 - Tremont 0 |
BOTTOM OF THE 1ST |
Tremont Doubledays batting - Pitching for Salt Lake City Buzz : LHP Roberto De La Cruz
|
Pitching: LHP Roberto De La Cruz
|
|
Batting: RHB David Pérez
|
0-0: Foul Ball, location: 2F 0-1: Swinging Strike 0-2: Ball 1-2: Ball 2-2: Strikes out swinging
|
Batting: RHB Otis Brewer
|
0-0: Foul Ball, location: 2F 0-1: Ball 1-1: Ground out 4-3 (Groundball, 4)
|
Batting: RHB Arturo Morales
|
0-0: Ball 1-0: Ball 2-0: Called Strike 2-1: Fly out, F9 (Flyball, 89M)
|
Bottom of the 1st over - 0 run(s), 0 hit(s), 0 error(s), 0 left on base; Salt Lake City 1 - Tremont 0 |
TOP OF THE 2ND |
Salt Lake City Buzz batting - Pitching for Tremont Doubledays : RHP Santos Guzowski
|
Batting: RHB Jung-hwan Kwon
|
0-0: Ball 1-0: Called Strike 1-1: Fly out, F8 (Flyball, 8LM)
|
Batting: LHB Roberto Soto
|
0-0: Ball 1-0: Fly out, F9 (Flyball, 9LS)
|
Batting: RHB Adrian Rodgers
|
0-0: Foul Ball, location: 2F 0-1: Foul Ball, location: 2F 0-2: Ball 1-2: Foul Ball, location: 2F 1-2: Hit by Pitch
|
Batting: RHB Gustavo Berrios
|
0-0: Ball 1-0: Ground out 4-3 (Groundball, 4M)
|
Top of the 2nd over - 0 run(s), 0 hit(s), 0 error(s), 1 left on base; Salt Lake City 1 - Tremont 0 |
BOTTOM OF THE 2ND |
Tremont Doubledays batting - Pitching for Salt Lake City Buzz : LHP Roberto De La Cruz
|
Batting: RHB Sang Hong-Do
|
0-0: Ball 1-0: Foul Ball, location: 2F 1-1: Ball 2-1: Called Strike 2-2: Fly out, F8 (Flyball, 78M)
|
Batting: RHB Jesús Quintana
|
0-0: Ball 1-0: Ball 2-0: Ball 3-0: Called Strike 3-1: Foul Ball, location: 2F 3-2: Strikes out swinging
|
Batting: RHB Dale Quick
|
0-0: Ball 1-0: Ball 2-0: Ball 3-0: Called Strike 3-1: Base on Balls
|
Batting: RHB José Magana
|
0-0: Called Strike 0-1: Foul Ball, location: 2F 0-2: Ball 1-2: Foul Ball, location: 2F 1-2: Ball 2-2: Foul Ball, location: 2F 2-2: Ball 3-2: Foul Ball, location: 2F 3-2: Ground out 1-3 (Groundball, 13S)
|
Bottom of the 2nd over - 0 run(s), 0 hit(s), 0 error(s), 1 left on base; Salt Lake City 1 - Tremont 0 |
TOP OF THE 3RD |
Salt Lake City Buzz batting - Pitching for Tremont Doubledays : RHP Santos Guzowski
|
Batting: RHB Alejandro Herrera
|
0-0: Ball 1-0: Ball 2-0: Called Strike 2-1: Ball 3-1: SINGLE (Groundball, 4S) (infield hit)
|
Batting: LHB Frank Sharp
|
0-0: Ball 1-0: Foul Ball, location: 2F 1-1: Ball 2-1: Called Strike 2-2: Ball 3-2: Strikes out swinging Alejandro Herrera steals 2nd base Batter strikes out.
|
Batting: RHB Justin MacPherson
|
0-0: Called Strike Throwing error on steal attempt, E2 Alejandro Herrera scores 0-1: Ground out 6-3 (Groundball, 6)
|
Now at SS: Emanuel Bree
|
|
Batting: RHB Vicente Cruz
|
0-0: Ball 1-0: Ball 2-0: Ball 3-0: Called Strike 3-1: Foul Ball, location: 2F 3-2: Fly out, F9 (Flyball, 9LMF)
|
Top of the 3rd over - 1 run(s), 1 hit(s), 1 error(s), 0 left on base; Salt Lake City 2 - Tremont 0 |
BOTTOM OF THE 3RD |
Tremont Doubledays batting - Pitching for Salt Lake City Buzz : LHP Roberto De La Cruz
|
Batting: RHB António Quiñones
|
0-0: Ball 1-0: Ball 2-0: Ball 3-0: Called Strike 3-1: Fly out, F9 (Line Drive, 9D)
|
Batting: SHB Carlos González
|
0-0: Ball 1-0: Called Strike 1-1: Swinging Strike 1-2: SINGLE (Line Drive, 4D)
|
Batting: RHB David Pérez
|
0-0: Called Strike 0-1: Called Strike 0-2: Ball 1-2: Fly out, F7 (Flyball, 7)
|
Batting: RHB Otis Brewer
|
0-0: SINGLE (Flyball, 8RS) Carlos González to second Runner from 2nd tries for 3rd, SAFE, throw made to third
|
Batting: RHB Arturo Morales
|
0-0: Fly out, F5 (Line Drive, 56)
|
Bottom of the 3rd over - 0 run(s), 2 hit(s), 0 error(s), 2 left on base; Salt Lake City 2 - Tremont 0 |
TOP OF THE 4TH |
Salt Lake City Buzz batting - Pitching for Tremont Doubledays : RHP Santos Guzowski
|
Batting: LHB Randy Schlosser
|
0-0: Ball 1-0: Ball 2-0: Ball 3-0: Called Strike 3-1: Called Strike 3-2: Foul Ball, location: 2F 3-2: Foul Ball, location: 2F 3-2: Ground out U3 (Groundball, 34)
|
Batting: RHB Jung-hwan Kwon
|
0-0: Ball 1-0: Ground out 6-3 (Groundball, 6)
|
Batting: LHB Roberto Soto
|
0-0: Fly out, F8 (Flyball, 8LS)
|
Top of the 4th over - 0 run(s), 0 hit(s), 0 error(s), 0 left on base; Salt Lake City 2 - Tremont 0 |
BOTTOM OF THE 4TH |
Tremont Doubledays batting - Pitching for Salt Lake City Buzz : LHP Roberto De La Cruz
|
Batting: RHB Sang Hong-Do
|
0-0: Ball 1-0: Called Strike 1-1: SINGLE (Flyball, 7LS)
|
Batting: RHB Emanuel Bree
|
0-0: Called Strike 0-1: Ball 1-1: Ball 2-1: Fly out, F8 (Flyball, 8LM)
|
Batting: RHB Dale Quick
|
0-0: Ball 1-0: Foul Ball, location: 2F 1-1: Ground out 5-3 (Groundball, 6MS) Sang Hong-Do to second
|
Batting: RHB José Magana
|
0-0: Foul Ball, location: 2F 0-1: Ball 1-1: Foul Ball, location: 2F 1-2: Ground out 5-3 (Groundball, 56S)
|
Bottom of the 4th over - 0 run(s), 1 hit(s), 0 error(s), 1 left on base; Salt Lake City 2 - Tremont 0 |
TOP OF THE 5TH |
Salt Lake City Buzz batting - Pitching for Tremont Doubledays : RHP Santos Guzowski
|
Batting: RHB Adrian Rodgers
|
0-0: Ball 1-0: Ball 2-0: Called Strike 2-1: Foul Ball, location: 2F 2-2: Foul Ball, location: 2F 2-2: Foul Ball, location: 2F 2-2: Ball 3-2: Foul Ball, location: 2F 3-2: Fly out, F8 (Flyball, 8LXD)
|
Batting: RHB Gustavo Berrios
|
0-0: Ball 1-0: Ball 2-0: Foul Ball, location: 2F 2-1: SINGLE (Groundball, 6MD)
|
Batting: RHB Alejandro Herrera
|
0-0: Ball 1-0: Called Strike 1-1: SINGLE (Line Drive, 89S) Gustavo Berrios to second
|
Batting: LHB Frank Sharp
|
0-0: Called Strike 0-1: Ball 1-1: Foul Ball, location: 2F 1-2: Foul Ball, location: 2F 1-2: Ball 2-2: Ball 3-2: Foul Ball, location: 2F 3-2: Foul Ball, location: 2F 3-2: Fly out, F8 (Flyball, 8LS)
|
Batting: RHB Justin MacPherson
|
0-0: Called Strike 0-1: Foul Ball, location: 2F 0-2: Foul Ball, location: 2F 0-2: Ground out 5-3 (Groundball, 56S)
|
Top of the 5th over - 0 run(s), 2 hit(s), 0 error(s), 2 left on base; Salt Lake City 2 - Tremont 0 |
BOTTOM OF THE 5TH |
Tremont Doubledays batting - Pitching for Salt Lake City Buzz : LHP Roberto De La Cruz
|
Batting: RHB António Quiñones
|
0-0: Fly out, F4 (Line Drive, 4M)
|
Batting: SHB Carlos González
|
0-0: Ball 1-0: Ball 2-0: Ball 3-0: Base on Balls
|
Batting: RHB David Pérez
|
0-0: SINGLE (Groundball, 6MD) Carlos González to second Runner from 2nd tries for 3rd, SAFE, throw made to third
|
Batting: RHB Otis Brewer
|
0-0: Ball 1-0: Ball David Pérez steals 2nd base 2-0: Swinging Strike 2-1: Foul Ball, location: 2F 2-2: Strikes out swinging
|
Batting: RHB Arturo Morales
|
0-0: Ball 1-0: Ground out 6-3 (Groundball, 6)
|
Bottom of the 5th over - 0 run(s), 1 hit(s), 0 error(s), 2 left on base; Salt Lake City 2 - Tremont 0 |
TOP OF THE 6TH |
Salt Lake City Buzz batting - Pitching for Tremont Doubledays : RHP Santos Guzowski
|
Batting: RHB Vicente Cruz
|
0-0: Ball 1-0: Ball 2-0: Ball 3-0: Called Strike 3-1: Base on Balls
|
Batting: LHB Randy Schlosser
|
0-0: Swinging Strike 0-1: Swinging Strike 0-2: Foul Ball, location: 2F 0-2: Ball 1-2: Strikes out looking
|
Pitching: RHP Min-gook Chong
|
|
Batting: RHB Jung-hwan Kwon
|
0-0: SINGLE (Groundball, 6) (infield hit) Vicente Cruz to second
|
Batting: LHB Roberto Soto
|
0-0: Called Strike Vicente Cruz steals 3rd base Jung-hwan Kwon to second 0-1: Ground out U3 (Groundball, 34)
|
Batting: RHB Adrian Rodgers
|
0-0: Called Strike 0-1: SINGLE (Line Drive, 89S) Vicente Cruz scores Jung-hwan Kwon to third Runner from 3rd tries for Home, throw and OUT!
|
Top of the 6th over - 1 run(s), 2 hit(s), 0 error(s), 1 left on base; Salt Lake City 3 - Tremont 0 |
BOTTOM OF THE 6TH |
Tremont Doubledays batting - Pitching for Salt Lake City Buzz : LHP Roberto De La Cruz
|
Batting: RHB Sang Hong-Do
|
0-0: Swinging Strike 0-1: Foul Ball, location: 2F 0-2: Foul Ball, location: 2F 0-2: Ball 1-2: Strikes out looking
|
Batting: RHB Emanuel Bree
|
0-0: Called Strike 0-1: Ball 1-1: Ball 2-1: Swinging Strike 2-2: Foul Ball, location: 2F 2-2: Strikes out swinging
|
Batting: RHB Dale Quick
|
0-0: Foul Ball, location: 2F 0-1: Ball 1-1: Ball 2-1: Ball 3-1: Base on Balls
|
Batting: RHB José Magana
|
0-0: Foul Ball, location: 2F 0-1: Ball 1-1: Foul Ball, location: 2F 1-2: Foul Ball, location: 2F 1-2: Foul Ball, location: 2F 1-2: Fly out, F7 (Flyball, 78D)
|
Bottom of the 6th over - 0 run(s), 0 hit(s), 0 error(s), 1 left on base; Salt Lake City 3 - Tremont 0 |
TOP OF THE 7TH |
Salt Lake City Buzz batting - Pitching for Tremont Doubledays : RHP Min-gook Chong
|
Batting: RHB Gustavo Berrios
|
0-0: Ball 1-0: Ball 2-0: Ball 3-0: Base on Balls
|
Batting: RHB Alejandro Herrera
|
0-0: Bunt missed! 0-1: Bunted foul 0-2: SINGLE (Groundball, 34S) (infield hit) Gustavo Berrios to second
|
Batting: LHB Frank Sharp
|
0-0: Called Strike 0-1: Ball 1-1: Swinging Strike 1-2: Ball 2-2: Ball 3-2: Fly out, F8 (Flyball, 8LM)
|
Batting: RHB Justin MacPherson
|
0-0: Called Strike 0-1: Called Strike 0-2: Ball 1-2: SINGLE (Groundball, 56D) Gustavo Berrios to third Alejandro Herrera to second Runner from 3rd tries for Home, SAFE, throw made home
|
Batting: RHB Vicente Cruz
|
0-0: Called Strike 0-1: Called Strike 0-2: Foul Ball, location: 2F 0-2: Strikes out swinging
|
Batting: LHB Randy Schlosser
|
0-0: Called Strike 0-1: Ball 1-1: Ball Throwing error on steal attempt, E2 Alejandro Herrera scores Justin MacPherson to third 2-1: SINGLE (Groundball, 6D) Justin MacPherson scores
|
Batting: RHB Jung-hwan Kwon
|
0-0: Ball 1-0: Ball 2-0: Called Strike 2-1: Foul Ball, location: 2F 2-2: Ground out 5-3 (Groundball, 56S)
|
Top of the 7th over - 3 run(s), 3 hit(s), 1 error(s), 1 left on base; Salt Lake City 6 - Tremont 0 |
BOTTOM OF THE 7TH |
Tremont Doubledays batting - Pitching for Salt Lake City Buzz : LHP Roberto De La Cruz
|
Pitching: RHP Pedro Espinoza
|
|
Batting: RHB António Quiñones
|
0-0: SINGLE (Groundball, 5S) (infield hit)
|
Batting: SHB Carlos González
|
0-0: Foul Ball, location: 2F 0-1: Swinging Strike 0-2: Ball 1-2: Ball 2-2: Foul Ball, location: 2F 2-2: Strikes out swinging
|
Batting: RHB David Pérez
|
0-0: Called Strike 0-1: Ball António Quiñones is caught stealing 2nd base 1-1: Ball 2-1: Called Strike 2-2: Foul Ball, location: 2F 2-2: Foul Ball, location: 2F 2-2: Strikes out swinging
|
Bottom of the 7th over - 0 run(s), 1 hit(s), 0 error(s), 0 left on base; Salt Lake City 6 - Tremont 0 |
TOP OF THE 8TH |
Salt Lake City Buzz batting - Pitching for Tremont Doubledays : RHP Min-gook Chong
|
Batting: LHB Roberto Soto
|
0-0: Ball 1-0: Ground out 5-3 (Groundball, 5)
|
Batting: RHB Adrian Rodgers
|
0-0: Ball 1-0: Swinging Strike 1-1: Ground out 6-3 (Groundball, 6)
|
Batting: RHB Gustavo Berrios
|
0-0: Called Strike 0-1: Ball 1-1: Called Strike 1-2: Foul Ball, location: 2F 1-2: Ball 2-2: Ball 3-2: Base on Balls
|
Batting: RHB Alejandro Herrera
|
0-0: Swinging Strike 0-1: Ball 1-1: Ball 2-1: Foul Ball, location: 2F 2-2: Strikes out swinging
|
Top of the 8th over - 0 run(s), 0 hit(s), 0 error(s), 1 left on base; Salt Lake City 6 - Tremont 0 |
BOTTOM OF THE 8TH |
Tremont Doubledays batting - Pitching for Salt Lake City Buzz : RHP Pedro Espinoza
|
Batting: RHB Otis Brewer
|
0-0: Called Strike 0-1: Foul Ball, location: 2F 0-2: SINGLE (Groundball, 6D)
|
Batting: RHB Arturo Morales
|
0-0: Fly out, F8 (Flyball, 78S)
|
Batting: RHB Sang Hong-Do
|
0-0: Ball 1-0: Ball 2-0: Called Strike 2-1: SINGLE (Groundball, 34D) Otis Brewer to second Runner from 2nd tries for 3rd, SAFE, no throw
|
Batting: RHB Emanuel Bree
|
0-0: Ball 1-0: SINGLE (Line Drive, 89S) Otis Brewer scores Sang Hong-Do to second
|
Batting: RHB Dale Quick
|
0-0: Ball 1-0: Ball 2-0: Ball Wild Pitch! Sang Hong-Do to third Emanuel Bree to second 3-0: Called Strike 3-1: Swinging Strike 3-2: Strikes out swinging
|
Batting: RHB José Magana
|
0-0: Called Strike 0-1: Ball 1-1: Ground out 1-3 (Groundball, P)
|
Bottom of the 8th over - 1 run(s), 3 hit(s), 0 error(s), 2 left on base; Salt Lake City 6 - Tremont 1 |
TOP OF THE 9TH |
Salt Lake City Buzz batting - Pitching for Tremont Doubledays : RHP Min-gook Chong
|
Pitching: RHP Alonso Martínez
|
|
Batting: LHB Frank Sharp
|
0-0: Called Strike 0-1: Foul Ball, location: 2F 0-2: Ground out 4-3 (Groundball, 4)
|
Batting: RHB Justin MacPherson
|
0-0: Ball 1-0: Swinging Strike 1-1: Ball 2-1: Swinging Strike 2-2: Strikes out swinging
|
Batting: RHB Vicente Cruz
|
0-0: Foul Ball, location: 2F 0-1: Ball 1-1: Foul Ball, location: 2F 1-2: Foul Ball, location: 2F 1-2: SINGLE (Line Drive, 56)
|
Batting: LHB Randy Schlosser
|
0-0: Ball 1-0: Ball 2-0: Ball 3-0: Called Strike 3-1: SINGLE (Line Drive, 9LM) Vicente Cruz to second
|
Batting: RHB Jung-hwan Kwon
|
0-0: Called Strike Randy Schlosser is caught stealing 2nd base
|
Top of the 9th over - 0 run(s), 2 hit(s), 0 error(s), 0 left on base; Salt Lake City 6 - Tremont 1 |
BOTTOM OF THE 9TH |
Tremont Doubledays batting - Pitching for Salt Lake City Buzz : RHP Pedro Espinoza
|
Pitching: LHP Jim Unknown
|
|
Now in RF: Ángel Aguilar
|
|
Batting: RHB António Quiñones
|
0-0: Foul Ball, location: 2F 0-1: Foul Ball, location: 2F 0-2: Foul Ball, location: 2F 0-2: Ball 1-2: Ball 2-2: Fly out, F9 (Flyball, 89M)
|
Batting: SHB Carlos González
|
0-0: Ball 1-0: Ball 2-0: Swinging Strike 2-1: Swinging Strike 2-2: Ball 3-2: Base on Balls
|
Batting: RHB David Pérez
|
0-0: Ball 1-0: Swinging Strike 1-1: Foul Ball, location: 2F 1-2: Ball 2-2: Ball 3-2: Grounds into double play, 6-4-3 (Groundball, 6)
|
Bottom of the 9th over - 0 run(s), 0 hit(s), 0 error(s), 0 left on base; Salt Lake City 6 - Tremont 1 |
|